 Dungeon Crawl Stone Soup version 0.23.2-1-ga50397a6bc (webtiles) character file.

Game seed: 2150258395832919970

728 Gargoyl the Skirmisher (level 7, 0/88 HPs)
             Began as a Centaur Abyssal Knight on Apr 27, 2019.
             Was a Believer of Lugonu.
             Succumbed to an orc wizard's poison
             ... on level 5 of the Dungeon.
             The game lasted 00:07:57 (5467 turns).

Gargoyl the Skirmisher (Centaur Abyssal Knight)     Turns: 5467, Time: 00:07:58

Health: 0/88       AC: 23    Str: 14    XL:     7   Next: 44%
Magic:  9/9        EV:  1    Int: 16    God:    Lugonu [**....]
Gold:   235        SH:  0    Dex: 11    Spells: 6/6 levels left

rFire    . . .     SeeInvis .   a - +3 hand axe
rCold    . . .     Gourm    .   (no shield)
rNeg     + + +     Faith    .   (armour currently unavailable)
rPois    +         Spirit   .   (helmet currently unavailable)
rElec    .         Reflect  .   (cloak currently unavailable)
rCorr    .         Harm     .   (gloves currently unavailable)
MR       .....     NoTele   +   (no barding)
Stlth    +.........             (no amulet)
HPRegen  0.24/turn              (no ring)
MPRegen  0.11/turn              (no ring)

@: brilliant, lethally poisoned (0 -> -2), tree-form
A: large
a: Depart the Abyss, Bend Space, Renounce Religion


You were on level 5 of the Dungeon.
You worshipped Lugonu.
Lugonu was pleased with you.
You were hungry.
You were a tree.
You visited 1 branch of the dungeon, and saw 6 of its levels.
You visited the Abyss 1 time.

You collected 235 gold pieces.

Inventory:

Hand Weapons
 a - a +3 hand axe (weapon)
Armour
 e - a +0 cloak (melded)
 i - a +0 chain mail (melded)
Jewellery
 b - an uncursed ring of wizardry
Scrolls
 d - 4 scrolls of remove curse
 f - 4 scrolls of identify
 g - 2 scrolls of magic mapping
 o - 2 scrolls of amnesia
 p - 2 scrolls of teleportation
Comestibles
 c - 8 rations


   Skills:
 + Level 4.2 Fighting
 + Level 4.1 Axes
 + Level 0.1 Throwing
 * Level 3.6 Armour
 * Level 2.3 Dodging
 * Level 3.8 Invocations


You had 6 spell levels left.
You didn't know any spells.
Your spell library was empty.

Dungeon Overview and Level Annotations

Branches:
Dungeon (6/15)
 Temple: D:4-7

Altars:
Trog
Xom


Innate Abilities, Weirdness & Mutations

((You have hooves in place of feet.))
((Armour fits poorly on your strangely shaped body.))
((You cover ground very quickly.))
((You have extremely tough skin. (AC +3)))


Message History

You feel sick.
* * * LOW HITPOINT WARNING * * *
You feel sick.
* * * LOW HITPOINT WARNING * * *
You feel sick.
* * * LOW HITPOINT WARNING * * *
You feel sick.
* * * LOW HITPOINT WARNING * * *
You feel sick.
* * * LOW HITPOINT WARNING * * *
You feel sick.
* * * LOW HITPOINT WARNING * * *
You feel sick.
* * * LOW HITPOINT WARNING * * *
You feel sick.
* * * LOW HITPOINT WARNING * * *
You feel sick.
* * * LOW HITPOINT WARNING * * *
You feel sick.
You die...

≈≈.# ≈≈.# ...# '### .# ##
. .{.
######################...#
................♣).)...#
########################


There were no monsters in sight!

Vanquished Creatures
  Grinder (D:4)
  A centaur (D:5)
  A jelly (D:5)
  A hound (D:6)
  2 orc wizards (D:5)
  A bullfrog skeleton (D:4)
  3 orc priests
  2 centaur skeletons
  A worker ant (D:5)
  3 adders
  3 oozes (D:1)
  3 worms
  6 dart slugs
  2 leopard geckos
  5 orcs
  7 giant cockroaches
  6 goblins
  8 hobgoblins
  8 jackals
  6 bats
  6 frilled lizards
  10 kobolds
  12 rats
98 creatures vanquished.

Notes
Turn   | Place    | Note
-------+----------+-------------------------------------------
     0 | Abyss:1  | Gargoyl the Centaur Abyssal Knight began the quest for the
                  | Orb.
     0 | Abyss:1  | Reached XP level 1. HP: 19/19 MP: 2/2
    65 | Abyss:1  | Noticed an ancient zyme
    99 | Abyss:1  | Noticed an apocalypse crab
    99 | Abyss:1  | Noticed a stone giant skeleton
   109 | Abyss:1  | Noticed a tentacled starspawn
   119 | D:1      | Escaped the Abyss
   125 | D:1      | Found a runed translucent door.
   381 | D:1      | Reached XP level 2. HP: 21/26 MP: 3/3
   512 | D:1      | Reached * piety under Lugonu
   678 | D:1      | Reached skill level 1 in Dodging
   696 | D:1      | Reached XP level 3. HP: 22/31 MP: 4/4
  1579 | D:1      | Reached XP level 4. HP: 34/39 MP: 5/5
  1657 | D:2      | Reached ** piety under Lugonu
  2204 | D:2      | Reached XP level 5. HP: 46/46 MP: 7/7
  3040 | D:4      | Noticed an ogre
  3306 | D:3      | HP: 2/46 [ogre/+0 giant club (12)]
  4319 | D:4      | Found a bloodstained altar of Trog.
  4349 | D:4      | Reached XP level 6. HP: 41/52 MP: 8/8
  4524 | D:4      | Noticed Grinder
  4535 | D:4      | Paralysed by Grinder for 2 turns
  4570 | D:5      | Entered Level 5 of the Dungeon
  5009 | D:4      | Killed Grinder
  5009 | D:4      | Reached XP level 7. HP: 35/59 MP: 9/9
  5176 | D:5      | Found a shimmering altar of Xom.
  5459 | D:5      | HP: 4/88 [poisoned by an orc wizard]
  5464 | D:5      | HP: 1/88 [poisoned by an orc wizard]
  5467 | D:5      | Succumbed to an orc wizard's poison

Skill      XL: |  1  2  3  4  5  6  7 |
---------------+----------------------+-----
Axes           | 2 3 4 |  4.1
Dodging        | 1 2 |  2.3
Armour         | 2 3 |  3.6
Invocations    | 3 |  3.8
Fighting       | 4 |  4.2
Throwing       | |  0.1

Action                   |  1- 3 |  4- 6 |  7- 9 || total
-------------------------+-------+-------+-------++-------
Melee: Hand axe          |    99 |   178 |    32 ||   309
       Kick              |    18 |    27 |     9 ||    54
Throw: Tomahawk          |       |     5 |       ||     5
Invok: Depart the Abyss  |     1 |       |       ||     1
  Use: Scroll            |     1 |    11 |       ||    12
       Potion            |       |     6 |     2 ||     8
  Eat: Chunk             |     1 |     6 |     1 ||     8
       Ration            |       |     1 |       ||     1
Armor: Leather armour    |    30 |       |       ||    30
       Chain mail        |    26 |   143 |    12 ||   181
       Skin              |       |       |     8 ||     8
Dodge: Dodged            |    47 |    45 |     6 ||    98
